[Event "*** Titled Tuesday 3|2 Blitz"]
[Site "Chess.com"]
[Date "2015.09.01"]
[Round "8"]
[White "HZMC92"]
[Black "Fh2411"]
[Result "1-0"]
[WhiteElo "2279"]
[BlackElo "2191"]
[TimeControl "180+2"]
[EndTime "12:36:11 PDT"]
[Termination "HZMC92 won by resignation"]

1. d4 d5 2. c4 c6 3. cxd5 cxd5 4. Nc3 Nf6 5. Nf3 Nc6 6. Bf4 Bf5 7. e3 e6 8. Bd3 Bxd3 9. Qxd3 Be7 10. O-O O-O 11.
Rac1 Nd7 12. a3 Nb6 13. Nd2 a6 14. b4 h6 15. Bg3 Rc8 16. Rc2 Na7 17. Rfc1 Nc4 18.
Nxc4 dxc4 19. Qe2 b5 20. Rd1 Bf6 21. e4 Qb6 22. e5 Bd8 23. d5 exd5 24. Nxd5 Qb7 25.
Qg4 Nc6 26. f4 Bb6+ 27. Kh1 Kh8 28. f5 Rcd8 29. f6 g5 30. Qh5 Kh7 31. h4 Nxe5 32. hxg5 Ng4 33. Qxg4 Rxd5 34. Qe4+ Kg8 35. Rxd5 Qc8 36.
gxh6 Kh8 37. Rg5 Re8 38. Qg4 Qc6 39. h7 1-0

[Event "*** Titled Tuesday 3|2 Blitz"]
[Site "Chess.com"]
[Date "2015.09.01"]
[Round "8"]
[White "Schemato"]
[Black "rikyshi"]
[Result "0-1"]
[WhiteElo "2143"]
[BlackElo "2108"]
[TimeControl "180+2"]
[EndTime "12:36:29 PDT"]
[Termination "rikyshi won on time"]

1. c4 e5 2. g3 Nf6 3. Bg2 d5 4. cxd5 Nxd5 5. Nf3 Nc6 6. O-O Be7 7. d4 e4 8. Ne5 f5 9. Nxc6 bxc6 10. Nc3 O-O 11.
Qc2 Bf6 12. Rd1 Be6 13. Nxd5 cxd5 14. Bf4 Rf7 15. Rac1 Rc8 16. Qc6 Qd7 17. b3 g5 18.
Be5 Bxe5 19. dxe5 Qxc6 20. Rxc6 Re7 21. f4 g4 22. e3 Kf8 23. Bf1 Ke8 24. Rd4 Bd7 25. Ra6 c5 26. Rxd5 Be6 27. Rdd6 c4 28. Rxe6 c3 29. Rac6 Kd8 30. Red6+ Rd7 31. Rxc8+ Kxc8 32. Rxd7 Kxd7 0-1

[Event "*** Titled Tuesday 3|2 Blitz"]
[Site "Chess.com"]
[Date "2015.09.01"]
[Round "8"]
[White "bugsbunny444"]
[Black "Keaton87"]
[Result "0-1"]
[WhiteElo "2301"]
[BlackElo "2420"]
[TimeControl "180+2"]
[EndTime "12:36:36 PDT"]
[Termination "Keaton87 won by resignation"]

1. Nf3 d5 2. c4 e6 3. g3 Nf6 4.
Bg2 Be7 5. O-O O-O 6. b3 b6 7. Bb2 Bb7 8. e3 Nbd7 9. Nc3 c5 10. Qe2 a6 11. cxd5 exd5 12. d4 Rc8 13. Rfd1 c4 14.
Ne5 b5 15. bxc4 bxc4 16. Rab1 Rb8 17. Ba1 Bd6 18. Nxc4 Bc7 19. f4 dxc4 20. Bxb7 Nb6 21. Bf3 Re8 22. e4 Nfd5 23. Qd2 Ne7 24. d5 Bd6 25.
Kg2 Bc5 26. Ne2 Qd6 27. e5 Qg6 28. Bd4 Bxd4 29. Qxd4 Nf5 30. Qe4 Nxd5 31. Rxb8 Nde3+ 32. Kg1 Rxb8 33. Rb1 Rf8 34. Nd4 Nxd4 0-1

[Event "*** Titled Tuesday 3|2 Blitz"]
[Site "Chess.com"]
[Date "2015.09.01"]
[Round "8"]
[White "Danirod"]
[Black "BakaPG"]
[Result "0-1"]
[WhiteElo "2360"]
[BlackElo "2444"]
[TimeControl "180+2"]
[EndTime "12:36:38 PDT"]
[Termination "BakaPG won by checkmate"]

1. e4 e6 2. d4 d5 3. Nd2 Be7 4. c3 Nf6 5. e5 Nfd7 6. Bd3 c5 7.
Ne2 Nc6 8. Nf3 g5 9. h3 h5 10. Be3 a6 11. a3 b5 12. b4 c4 13. Bc2 a5 14. Ng3 Nf8 15. Nd2 h4 16. Ngf1 Ng6 17.
Nh2 Bb7 18. O-O Ra6 19. Ng4 Nf4 20. Nf3 Qa8 21. Rc1 axb4 22. axb4 Ra2 23. Bxf4 gxf4 24. Qd2 Kd7 25. Qxf4 Qg8 26. Rfe1 Kc7 27. Bb1 Ra3 28.
Nf6 Qg7 29. Nxh4 Nxb4 30. cxb4 Bxb4 31. Re3 Bd2 32. Nf3 Bxc1 33. Kh2 Bxe3 34. fxe3 Rb3 35. Bc2 Rb2 36. Ne1 b4 37. Ba4 Re2 38. Nf3 Qxg2# 0-1

[Event "*** Titled Tuesday 3|2 Blitz"]
[Site "Chess.com"]
[Date "2015.09.01"]
[Round "8"]
[White "kikydu96"]
[Black "MMSANCHEZ"]
[Result "0-1"]
[WhiteElo "2176"]
[BlackElo "2295"]
[TimeControl "180+2"]
[EndTime "12:36:43 PDT"]
[Termination "MMSANCHEZ won by resignation"]

1. e4 e6 2. d4 d5 3. Nd2 Nf6 4. e5 Nfd7 5. c3 c5 6. Bd3 Nc6 7. Ne2 cxd4 8. cxd4 f6 9. exf6 Nxf6 10. Nf3 Bd6 11. O-O Qc7 12. Bg5 O-O 13. Bh4 Nh5 14. Qc2 h6 15. Bh7+ Kh8 16. Bg6 Rxf3 17. Bxh5 Rf5 18.
Bg6 Bxh2+ 19. Kh1 Bd6 20. Bxf5 exf5 21. f4 Qf7 22. Rf3 Be6 23. Re1 Rc8 24. Qd2 Bb4 25.
Nc3 Na5 26. Qe2 Bd7 27. Be7 Re8 28. Re3 Nc4 29. a3 Nxe3 30. Bxb4 Ng4 31. Qxe8+ Bxe8 32.
Re7 Qh5+ 33. Kg1 Qh2+ 34. Kf1 Qh1+ 35. Ke2 Qxg2+ 36. Kd3 Bc6 37. Bc5 Qf3+ 38. Kc2 Qxf4 39. Bxa7 Ne3+ 40. Kb3 Nc4 41. Bc5 Qd2 42. Re2 Qd3 43. Rg2 Ne3 0-1

[Event "*** Titled Tuesday 3|2 Blitz"]
[Site "Chess.com"]
[Date "2015.09.01"]
[Round "8"]
[White "arnacman"]
[Black "wonderfultime"]
[Result "1-0"]
[WhiteElo "2276"]
[BlackElo "2611"]
[TimeControl "180+2"]
[EndTime "12:37:06 PDT"]
[Termination "arnacman won by resignation"]

1. e4 c5 2. a3 b6 3. Nf3 Bb7 4. Nc3 Nc6 5. d4 cxd4 6. Nxd4 Nf6 7. Be3 g6 8. f3 Bg7 9. Qd2 Rc8 10. O-O-O O-O 11.
h4 d5 12. Nxc6 Rxc6 13. Bb5 Rc8 14. exd5 a6 15. Ba4 Nd7 16. h5 Nc5 17. Bb3 Nxb3+ 18. cxb3 Qd6 19. Bd4 f6 20. hxg6 hxg6 21. Be3 Rf7 22. Bh6 Bh8 23. Bf4 Qd7 24. g4 e5 25.
dxe6 Qxe6 26. Qh2 Bg7 27. Qh7+ Kf8 28. Bh6 Qxb3 29. Qh8+ Ke7 30. Rhe1+ Qe6 31. Rxe6+ Kxe6 32. Qh7 Rh8 33. Qxg6 Bxh6+ 34. Kb1 Rg7 35. Qf5+ Ke7 36. Rd7+ Ke8 37. Qe6+ 1-0

[Event "*** Titled Tuesday 3|2 Blitz"]
[Site "Chess.com"]
[Date "2015.09.01"]
[Round "8"]
[White "oggy1984"]
[Black "pKiLz5Rn9b"]
[Result "1-0"]
[WhiteElo "2426"]
[BlackElo "2409"]
[TimeControl "180+2"]
[EndTime "12:37:11 PDT"]
[Termination "oggy1984 won by resignation"]

1. d4 e6 2. c4 Nf6 3. Nc3 Bb4 4.
Qc2 d5 5. cxd5 exd5 6. Bg5 h6 7.
Bh4 c5 8. dxc5 g5 9. Bg3 Ne4 10. e3 Qa5 11. Ne2 Bf5 12. Be5 O-O 13. Nd4 Bg6 14. Nb3 Nxc3 15. Bxc3 Bxc3+ 16. Qxc3 Qxc3+ 17. bxc3 Nd7 18. Rd1 Nf6 19. c4 Bc2 20. Rc1 Bxb3 21.
axb3 Rfd8 22. cxd5 Nxd5 23. g3 Nb4 24. Rc4 a5 25. Bg2 Nd3+ 26. Ke2 Ne5 27. Re4 Nc6 28. h4 Kg7 29. hxg5 hxg5 30. Rg4 f6 31. Ra4 Ra7 32. Rha1 Rb8 33. b4 Kf7 34. b5 Ne5 35. Rxa5 Rxa5 36.
Rxa5 Nd7 37. c6 bxc6 38. bxc6 Ne5 39. c7 Rb2+ 40. Kd1 Nd3 41. c8=Q 1-0

[Event "*** Titled Tuesday 3|2 Blitz"]
[Site "Chess.com"]
[Date "2015.09.01"]
[Round "8"]
[White "Gabrinsky"]
[Black "SidArun"]
[Result "1-0"]
[WhiteElo "2172"]
[BlackElo "1920"]
[TimeControl "180+2"]
[EndTime "12:37:17 PDT"]
[Termination "Gabrinsky won by resignation"]

1. e4 c6 2. d4 d5 3. exd5 cxd5 4. Bd3 Nc6 5. c3 Qc7 6. Bg5 g6 7. Bh4 Bf5 8. Bg3 Qd7 9. Nf3 e6 10. Bxf5 gxf5 11. Ne5 Nxe5 12. Bxe5 f6 13. Bg3 Ne7 14. Qe2 Ng6 15. f3 f4 16. Bf2 Bd6 17. Nd2 O-O-O 18. O-O-O Kb8 19. Nb3 Rhe8 20. Qd3 Qa4 21. Kb1 Rc8 22. h4 Nf8 23. h5 Qc4 24. Qxc4 Rxc4 25. Bh4 Nd7 26. Rhe1 Rc6 27. Re2 Bc7 28. Nc1 b5 29.
Nd3 Kb7 30. Kc2 a5 31. a3 Bb6 32.
Nxf4 b4 33. axb4 axb4 34. Kd3 Rd6 35. Kc2 bxc3 36. bxc3 Kc6 37. Bg3 e5 38. Nd3 Rde6 39. dxe5 fxe5 40. Nb4+ Kb7 41. Nxd5 Bc5 42. c4 Bd4 43. Bf2 Rc6 44. Rxd4 exd4 45. Rxe8 Rxc4+ 46. Kd3 Rc5 47. Kxd4 Rxd5+ 48. Kxd5 Nf6+ 49. Ke6 Nxe8 50. Bd4 Kc6 51. Be5 1-0

[Event "*** Titled Tuesday 3|2 Blitz"]
[Site "Chess.com"]
[Date "2015.09.01"]
[Round "8"]
[White "ChadaevNikolay"]
[Black "Storne89"]
[Result "1-0"]
[WhiteElo "2615"]
[BlackElo "2479"]
[TimeControl "180+2"]
[EndTime "12:37:22 PDT"]
[Termination "ChadaevNikolay won by resignation"]

1. d4 d5 2. c4 c6 3. Nf3 Nf6 4. g3 g6 5. Bg2 Bg7 6. O-O O-O 7. Qa4 Nfd7 8. cxd5 cxd5 9. Nc3 Nb6 10. Qd1 Nc6 11.
Bf4 a6 12. Rc1 Bg4 13. Ne5 Nxe5 14. Bxe5 f6 15. Bf4 Be6 16. Na4 Nxa4 17. Qxa4 g5 18.
Bd2 Qb6 19. Qb4 Qd6 20. Qxd6 exd6 21. Bb4 Rfd8 22. Rc7 b5 23. Ba5 Rdc8 24. Rfc1 Rxc7 25. Rxc7 Rc8 26. Bxd5 Re8 27. Bxe6+ Rxe6 28. e3 f5 29. Bc3 d5 30. Rd7 f4 31. gxf4 gxf4 32.
exf4 Re4 33. Rxd5 Rxf4 34. a3 Rg4+ 35. Kf1 Rh4 36. Kg2 Rg4+ 37. Kf3 Rh4 38. Kg3 Rh6 39. h4 Bf6 40. h5 Bg7 41. f4 Re6 42. Rd8+ Kf7 43. Rd7+ Re7 44. Rxe7+ Kxe7 45. Kf3 Kd6 46. Ke4 Bf6 47. b3 Bd8 48. a4 bxa4 49. bxa4 1-0

[Event "*** Titled Tuesday 3|2 Blitz"]
[Site "Chess.com"]
[Date "2015.09.01"]
[Round "8"]
[White "AleksandrNevski"]
[Black "Kempsy"]
[Result "1-0"]
[WhiteElo "2348"]
[BlackElo "2469"]
[TimeControl "180+2"]
[EndTime "12:37:27 PDT"]
[Termination "AleksandrNevski won on time"]

1. c4 g6 2. g3 Bg7 3. Bg2 Nf6 4. Nc3 O-O 5. d4 d6 6. h3 Nc6 7. e3 a6 8. Nge2 Rb8 9. O-O Bd7 10. a4 Nb4 11. b3 Qc8 12. Kh2 b5 13. axb5 axb5 14. Ba3 c5 15. Bxb4 cxb4 16. Nxb5 Bxb5 17. cxb5 Rxb5 18.
Ra7 e6 19. Qd3 Rb8 20. Rc1 Qd8 21. Rcc7 d5 22. Nf4 Qd6 23. Qc2 Ne8 24. Rd7 Qb6 25. Nd3 Nd6 26. Nc5 Rfc8 27. Qa2 Bf8 28. Ra6 Qb5 29.
Rdxd6 Bxd6 30. Rxd6 Ra8 31. Qd2 Ra1 32. e4 dxe4 33. Rd7 Rf8 34. Qf4 Qe2 35. Nxe4 Qd1 36. h4 1-0

[Event "*** Titled Tuesday 3|2 Blitz"]
[Site "Chess.com"]
[Date "2015.09.01"]
[Round "8"]
[White "PawelCzarnota"]
[Black "Aygehovit1992"]
[Result "1-0"]
[WhiteElo "2441"]
[BlackElo "2334"]
[TimeControl "180+2"]
[EndTime "12:37:27 PDT"]
[Termination "PawelCzarnota won by resignation"]

1. e4 c5 2. Nf3 e6 3. d4 cxd4 4.
Nxd4 Nc6 5. Nc3 Qc7 6. Be2 Nf6 7. O-O Be7 8. Be3 a6 9. f4 d6 10. a4 O-O 11. Kh1 Bd7 12. Bd3 Nxd4 13. Bxd4 e5 14. Be3 Bc6 15. Qf3 Rfe8 16. fxe5 dxe5 17. Nd5 Bxd5 18.
exd5 Bc5 19. Bxc5 Qxc5 20. Qg3 e4 21. Be2 Nxd5 22. Rf5 Rad8 23. Raf1 Re7 24. b3 g6 25. Bc4 Qc6 26. Qg5 h6 27. Qg3 e3 28. Re5 Rxe5 29. Qxe5 Qe6 30. Qxe6 fxe6 31. Re1 Nc3 32. Kg1 Rd1 33.
Rxd1 Nxd1 34. Bxe6+ Kg7 35. Kf1 Nc3 36. Bc8 b5 37. a5 Kf6 38. Bxa6 Ke5 39. Bc8 Kd6 40.
a6 Nd5 41. a7 Nb6 42. Bb7 1-0

[Event "*** Titled Tuesday 3|2 Blitz"]
[Site "Chess.com"]
[Date "2015.09.01"]
[Round "8"]
[White "Tirantes"]
[Black "xdb"]
[Result "1-0"]
[WhiteElo "2239"]
[BlackElo "2155"]
[TimeControl "180+2"]
[EndTime "12:37:42 PDT"]
[Termination "Tirantes won by resignation"]

1. c4 e6 2. Nf3 d5 3. d4 Nf6 4.
Nc3 Be7 5. Bf4 O-O 6. e3 Nbd7 7.
Qc2 c5 8. Rd1 cxd4 9. Rxd4 Qa5 10. a3 dxc4 11. Rxc4 Nb6 12. Rd4 Nfd5 13. Bd3 h6 14.
O-O Bf6 15. Nxd5 Nxd5 16. Ra4 Qb6 17. Be5 Bd7 18. Rd4 Rac8 19. Qd2 Bxe5 20. Nxe5 Bb5 21. Rd1 Bxd3 22. Rxd3 Qb5 23. Nf3 Qa4 24. Nd4 Nf6 25. h3 Ne4 26. Qe2 e5 27. Nf5 Rc2 28. Qg4 g6 29.
Nxh6+ Kh7 30. Qh4 Kg7 31. f3 Rc4 32. fxe4 Rxe4 33. Qg5 f5 34. Rd7+ 1-0

[Event "*** Titled Tuesday 3|2 Blitz"]
[Site "Chess.com"]
[Date "2015.09.01"]
[Round "8"]
[White "Zlatan56"]
[Black "E-Shaposhnikov"]
[Result "0-1"]
[WhiteElo "2539"]
[BlackElo "2468"]
[TimeControl "180+2"]
[EndTime "12:37:52 PDT"]
[Termination "E-Shaposhnikov won by resignation"]

1. Nf3 c5 2. c4 Nc6 3. e3 Nf6 4.
Nc3 g6 5. d4 cxd4 6. exd4 d5 7.
cxd5 Nxd5 8. Bc4 Nxc3 9. Qb3 e6 10. bxc3 Bg7 11. Ba3 Bf8 12. Bxf8 Kxf8 13. Be2 Kg7 14.
O-O b6 15. Rfd1 Bb7 16. c4 Qf6 17. Qe3 Rad8 18. Rd2 Rd6 19. Ne5 h5 20. Rad1 Rhd8 21. Bf3 Qe7 22. Bxc6 Bxc6 23. h3 Bb7 24. Rb1 Ba8 25.
Rb3 f6 26. Nf3 Bxf3 27. gxf3 Qd7 28. Rbd3 Qc7 29. Rc2 Qd7 30. Rcd2 e5 31. d5 Qxh3 32. c5 bxc5 33. Qxc5 Qd7 34. Rb2 g5 35. Kg2 Kg6 36. Qc2 Qf5 37. Rb7 Rc8 38. Qe2 Rc4 39. Rxa7 Rh4 40. f4 Rxf4 41. Rh3 Rg4+ 42. Kf1 Qb1+ 0-1

[Event "*** Titled Tuesday 3|2 Blitz"]
[Site "Chess.com"]
[Date "2015.09.01"]
[Round "8"]
[White "Hafez_Bakr"]
[Black "Dale"]
[Result "0-1"]
[WhiteElo "1720"]
[BlackElo "1931"]
[TimeControl "180+2"]
[EndTime "12:37:58 PDT"]
[Termination "Dale won by resignation"]

1. e4 d5 2. exd5 Nf6 3. d4 Qxd5 4. Nc3 Qd7 5. Nf3 e6 6. Be2 Be7 7. O-O O-O 8. Be3 a6 9. h3 b5 10. Ne5 Qd8 11. Bf3 Nd5 12. Nxd5 exd5 13. c3 Be6 14. Qd3 f6 15. Ng4 Bd6 16. Bd1 Nd7 17. Bc2 g6 18. Rae1 Bf5 19. Qd2 Bxc2 20. Qxc2 Kg7 21. Bh6+ Kf7 22.
Bxf8 Qxf8 23. Qd2 a5 24. Nh6+ Kg7 25. Ng4 h5 26. Qh6+ Kf7 27. Qh7+ Qg7 28. Nh6+ Kf8 29.
Qxg7+ Kxg7 30. Nf5+ gxf5 31. g3 f4 32. gxf4 Kg6 33.
Kg2 Kf5 34. Kf3 Nb6 35. b3 a4 36. Rg1 axb3 37. axb3 Ra3 38. Rb1 Bxf4 39. Rg7 h4 40. Rh7 Bd6 41. Rh5+ Ke6 42. Rxh4 b4 43. cxb4 Nc4 44. Kg2 Nd2 45. Re1+ Kf5 46. Rh5+ Kg6 47. Rxd5 Rxb3 48. b5 Nf3 49. Re3 Nh4+ 50. Kf1 Rb1+ 51. Ke2 Rb2+ 52. Ke1 Ng2+ 53. Kd1 Nxe3+ 54. fxe3 Rh2 55. b6 Rb2 56. bxc7 Bxc7 57. h4 f5 58. Rd7 Bg3 59. Kc1 Re2 60. h5+ Kxh5 61. Re7 Kg4 62.
Kd1 Re1+ 63. Kd2 Kf3 64. d5 Re2+ 65. Kd3 Bd6 66. Re6 Bc5 67. d6 Rxe3+ 68. Rxe3+ Bxe3 69. Kc4 Bg5 70. Kd5 Ke3 0-1

[Event "*** Titled Tuesday 3|2 Blitz"]
[Site "Chess.com"]
[Date "2015.09.01"]
[Round "8"]
[White "enen0315"]
[Black "Grootneus"]
[Result "1-0"]
[WhiteElo "1965"]
[BlackElo "2008"]
[TimeControl "180+2"]
[EndTime "12:38:19 PDT"]
[Termination "enen0315 won by resignation"]

1. d4 Nf6 2. c4 c5 3. d5 e6 4. Nc3 exd5 5. cxd5 d6 6. Nf3 g6 7. h3 Bg7 8. e4 O-O 9. Bd3 a6 10.
a4 Re8 11. O-O Nbd7 12. Bf4 Qe7 13. Re1 Rb8 14. a5 b5 15. axb6 Nxb6 16. Bxa6 Bxa6 17. Rxa6 Nh5 18. Bh2 Red8 19. Qc2 Nc4 20. Ra2 Qb7 21. Na4 Qb4 22. Rb1 Rd7 23. b3 Na3 24. Rxa3 Qxa3 25. Nd2 Qb4 26. Nc4 Bd4 27. Bxd6 Ra7 28. Bxb8 Qxb8 29.
Nc3 Nf4 30. Ne2 Nxe2+ 31. Qxe2 Rb7 32. Nd2 Rb4 33. Qd3 Qf4 34. Rf1 Be5 35. g3 Qh6 36.
Kg2 Rd4 37. Qb5 Qxd2 38. Qe8+ Kg7 39. Qxe5+ Kg8 40. Qb8+ Kg7 41. Qe5+ Kg8 42. Ra1 f5 43. Ra7 Qh6 44. Qe6+ Kh8 45. Ra8+ 1-0

[Event "*** Titled Tuesday 3|2 Blitz"]
[Site "Chess.com"]
[Date "2015.09.01"]
[Round "8"]
[White "ItalianMachine"]
[Black "jup1978"]
[Result "0-1"]
[WhiteElo "2196"]
[BlackElo "2169"]
[TimeControl "180+2"]
[EndTime "12:38:34 PDT"]
[Termination "jup1978 won by resignation"]

1. e4 e5 2. Nf3 Nc6 3. Bb5 a6 4. Ba4 Nge7 5. O-O g6 6. d3 Bg7 7. Re1 O-O 8. c3 d6 9. h3 f5 10. Bb3+ Kh8 11. Ng5 Qe8 12. Ne6 Bxe6 13. Bxe6 fxe4 14.
dxe4 Ng8 15. Bb3 Na5 16. Bc2 Qf7 17. Qe2 b5 18. b3 Bh6 19. Bxh6 Nxh6 20. Nd2 Ng8 21.
Nf3 Nf6 22. Rad1 Nh5 23. Qe3 Nf4 24. Nh2 Qe6 25. Qg3 Rf7 26. Ng4 Raf8 27. f3 h5 28. Ne3 Kh7 29. Nd5 Rg7 30. Nxf4 Rxf4 31. Qg5 Rgf7 32.
Kh2 Nc6 33. b4 Qf6 34. Qg3 Rg7 35. a4 Nd8 36. axb5 axb5 37. Bb3 Ne6 38. Rd5 Ng5 39.
Re3 c6 40. Rd2 Kh6 41. Red3 Rd7 42. Kg1 h4 43. Qf2 Nxe4 44. fxe4 Rxf2 45. Rxf2 Qg5 46. Be6 Ra7 47. Bg4 Ra1+ 48. Kh2 Qc1 49. Rd1 Qxc3 50.
Rxa1 Qxa1 51. Rd2 Qe1 52. Rxd6 Qxe4 53. Rf6 Kg5 54. Bf3 Qxb4 55. Rxc6 Qf4+ 56. Kg1 e4 57.
Bg4 e3 58. Rc5+ Kh6 59. Bf3 e2 0-1

[Event "*** Titled Tuesday 3|2 Blitz"]
[Site "Chess.com"]
[Date "2015.09.01"]
[Round "8"]
[White "jcibarra"]
[Black "1stSecond"]
[Result "1-0"]
[WhiteElo "2526"]
[BlackElo "2371"]
[TimeControl "180+2"]
[EndTime "12:38:38 PDT"]
[Termination "jcibarra won by resignation"]

1. e4 e5 2. Nf3 Nc6 3. Bb5 a6 4. Bxc6 dxc6 5. O-O Bg4 6. h3 h5 7. d3 Qf6 8. Nbd2 Ne7 9. Re1 Bd7 10. Nc4 Ng6 11. d4 exd4 12. e5 Qe6 13. Nd6+ cxd6 14. exd6 Bxd6 15. Rxe6+ Bxe6 16. Qxd4 O-O-O 17. Qc3 Bd5 18. Bd2 f6 19. Re1 Rhe8 20. Rxe8 Rxe8 21. Qd3 Ne5 22.
Nxe5 Bxe5 23. Qf5+ Be6 24. Qxh5 Rd8 25. Bc3 Bxc3 26.
bxc3 Bxa2 27. Qg4+ Rd7 28. c4 b5 29. cxb5 cxb5 30. Qe4 Bd5 31. Qb4 Kb7 32. Qc5 Bc6 33.
h4 Rd5 34. Qe7+ Rd7 35. Qe1 Kb6 36. Qe3+ Kb7 37. Qc3 Kb6 38. h5 a5 39. h6 gxh6 40.
Qxf6 Rd1+ 41. Kh2 a4 42. Qxh6 b4 43. Qe3+ Kb7 44. Qe7+ Kc8 45. Qxb4 Rd5 46. g4 Rb5 47. Qf8+ Kb7 48. g5 Ka6 49. Qf6 Rb6 50. Qd4 Bb5 51.
c4 Be8 52. Qe4 Bc6 53. Qe7 Rb2 54. Qf6 Rb6 55. c5 1-0

[Event "*** Titled Tuesday 3|2 Blitz"]
[Site "Chess.com"]
[Date "2015.09.01"]
[Round "8"]
[White "facu57"]
[Black "Mornar1951"]
[Result "0-1"]
[WhiteElo "2482"]
[BlackElo "2505"]
[TimeControl "180+2"]
[EndTime "12:38:42 PDT"]
[Termination "Mornar1951 won by resignation"]

1. e4 c5 2. Nc3 d6 3. g3 Nc6 4. Bg2 g6 5. f4 Bg7 6. Nf3 e6 7. O-O Nge7 8. d3 O-O 9. Be3 b6 10. Bf2 Ba6 11. a4 Rc8 12. Qd2 Qd7 13. h4 Nd4 14. Ne1 e5 15. fxe5 dxe5 16. h5 c4 17. a5 cxd3 18. Nxd3 Nxc2 19. Qxc2 Qxd3 20. Qxd3 Bxd3 21.
Rfd1 Bc4 22. axb6 axb6 23. Bxb6 Nc6 24. Nd5 Rb8 25. Bc5 Rfe8 26. b4 Nd4 27. h6 Bxd5 28. exd5 Bxh6 29. d6 Nb3 30. Ra3 Nd4 31. Rad3 Red8 32.
Kh2 Bg7 33. Bd5 Rd7 34. Bg2 Rbd8 35. Kh1 h5 36. Bh3 Rxd6 37. Bxd6 Rxd6 38. b5 e4 39.
Rxd4 Rxd4 40. Rxd4 Bxd4 41. Bd7 f5 42. Kg2 Kg7 43.
Be8 Kf6 44. Kf1 Bb6 45. Ke2 Bc7 46. Kf2 Kg5 47. Kg2 Bb6 48. Bf7 Kf6 49. Be8 h4 50.
gxh4 f4 51. h5 f3+ 52. Kg3 g5 53. h6 g4 54. h7 Kg7 55. Bh5 e3 56. Bxg4 e2 57.
Bxf3 e1=Q+ 0-1

[Event "*** Titled Tuesday 3|2 Blitz"]
[Site "Chess.com"]
[Date "2015.09.01"]
[Round "8"]
[White "Tomsel"]
[Black "MITerryble"]
[Result "1-0"]
[WhiteElo "2344"]
[BlackElo "2558"]
[TimeControl "180+2"]
[EndTime "12:38:42 PDT"]
[Termination "Tomsel won by checkmate"]

1. d4 e6 2. Bf4 Nf6 3. e3 b6 4. Nf3 Bb7 5. Bd3 Nh5 6. Bg3 Be7 7.
a4 a5 8. Nbd2 d6 9. c3 Nd7 10. e4 Bf6 11. O-O Nxg3 12. hxg3 e5 13. d5 h5 14. Bb5 Bc8 15. b4 Kf8 16. Bc6 Ra7 17. Nc4 Nb8 18. Bb5 h4 19. gxh4 Bxh4 20.
Qd2 Qf6 21. Qe3 Ra8 22. bxa5 bxa5 23. g3 g5 24. Rfb1 Bg4 25. Ncd2 Nd7 26. gxh4 gxh4 27. Nh2 Rg8 28. Nxg4 Rxg4+ 29. Kh1 Nc5 30. Rg1 Rf4 31. f3 Ke7 32. Rg2 h3 33. Rg3 h2 34. Qe2 Rh8 35.
Nc4 Qh4 36. Qg2 Ra8 37. Ne3 Rh8 38. Nf5+ Rxf5 39. exf5 Qf4 40. Rh3 Rxh3 41. Qxh3 e4 42. Re1 Qd2 43. Qh4+ f6 44. Qh7+ Kf8 45. Qh8+ Kf7 46.
Be8+ Ke7 47. Rb1 Qd3 48. Qg7+ Kxe8 49. Rb8# 1-0

[Event "*** Titled Tuesday 3|2 Blitz"]
[Site "Chess.com"]
[Date "2015.09.01"]
[Round "8"]
[White "stepanosinovsky"]
[Black "AlexanderL"]
[Result "0-1"]
[WhiteElo "2288"]
[BlackElo "2522"]
[TimeControl "180+2"]
[EndTime "12:39:06 PDT"]
[Termination "AlexanderL won by resignation"]

1. Nf3 e6 2. g3 b6 3. Bg2 Bb7 4. O-O c5 5. d3 d5 6. Nbd2 Bd6 7. e4 Ne7 8. Re1 Nbc6 9. e5 Bc7 10. c3 d4 11.
cxd4 Nxd4 12. Nxd4 Bxg2 13. Qa4+ Bc6 14. Nxc6 Qd7 15.
Qg4 Qxc6 16. Qxg7 Rg8 17. Qxh7 O-O-O 18. Qe4 Nd5 19. Nc4 Kb8 20. h4 Qd7 21. Bg5 Rdf8 22.
a3 Ne7 23. b4 cxb4 24. axb4 Nd5 25. Ne3 Bd8 26. Nxd5 exd5 27. Qf4 Bc7 28. d4 f6 29. Bxf6 Qh3 30. Rac1 Rg4 31. Qf3 Rfg8 32. Rxc7 Rxg3+ 33. fxg3 Rxg3+ 34. Qxg3 Qxg3+ 35. Kf1 Qf3+ 36. Kg1 Kxc7 37. Bg5 Qg4+ 38. Kf1 Qe6 39. Kf2 a5 40. bxa5 bxa5 41.
Bf6 Kd7 42. Rh1 Qf5+ 43. Kg2 Qe4+ 44. Kg1 Ke6 45. h5 Qxd4+ 46. Kg2 Qe4+ 47. Kg1 a4 48. h6 Qh7 49. Rh3 a3 50. Rb3 a2 51.
Rb6+ Kf5 52. Ra6 Qb7 53. Rxa2 Qb1+ 0-1

[Event "*** Titled Tuesday 3|2 Blitz"]
[Site "Chess.com"]
[Date "2015.09.01"]
[Round "8"]
[White "Krutoy123"]
[Black "Tal-Baronfew"]
[Result "1-0"]
[WhiteElo "2239"]
[BlackElo "2668"]
[TimeControl "180+2"]
[EndTime "12:39:07 PDT"]
[Termination "Krutoy123 won by resignation"]

1. e4 e5 2. Nf3 Nc6 3. Bb5 a6 4. Ba4 Nf6 5. O-O Be7 6. Re1 b5 7. Bb3 d6 8. c3 O-O 9. h3 Bb7 10.
Bc2 Re8 11. d3 Bf8 12. Nbd2 g6 13. Nf1 Bg7 14. Ng3 d5 15. exd5 Nxd5 16. Ne4 Qe7 17.
Bg5 f6 18. Bd2 f5 19. Ng3 h6 20. Bb3 Rad8 21. a4 Kh7 22. axb5 axb5 23. Qc2 Qc5 24. Nf1 Nf6 25. Be3 Qd6 26. Red1 Ra8 27. Rxa8 Rxa8 28.
Qc1 Na5 29. Bc2 Bxf3 30. gxf3 c5 31. f4 Nc6 32. fxe5 Nxe5 33. Nh2 Nd5 34. d4 cxd4 35.
Bxd4 Qc6 36. Bb3 Nb6 37. Qe3 Nbc4 38. Qc1 Re8 39. Bc2 Bf6 40. b3 Nd6 41. Qd2 Ne4 42.
Bxe4 Qxe4 43. Re1 Qd5 44. f4 Nc6 45. Rxe8 Nxd4 46. Re3 Qc5 47. cxd4 Bxd4 48. Nf1 g5 49. Kg2 Bxe3 50. Nxe3 gxf4 51. Qd7+ Kg6 52. Qe6+ Kg5 53. h4+ Kh5 54. Qxf5+ Qxf5 55. Nxf5 Kg4 56. Nxh6+ Kxh4 57. Kf3 Kg5 58. Nf7+ Kf6 59. Nd6 Ke5 60. Nxb5 Kd5 61.
Nc3+ Kd4 62. b4 Kc4 63. b5 1-0

[Event "*** Titled Tuesday 3|2 Blitz"]
[Site "Chess.com"]
[Date "2015.09.01"]
[Round "8"]
[White "Tesla17"]
[Black "nightmaresknight"]
[Result "0-1"]
[WhiteElo "2136"]
[BlackElo "2327"]
[TimeControl "180+2"]
[EndTime "12:39:08 PDT"]
[Termination "nightmaresknight won by checkmate"]

1. d4 d5 2. c4 dxc4 3. e3 Nf6 4. Bxc4 e6 5. Nf3 c5 6. O-O a6 7. Bb3 b5 8. a4 Bb7 9. axb5 axb5 10. Rxa8 Bxa8 11.
Na3 Bc6 12. dxc5 Qxd1 13. Rxd1 Bxc5 14. Ne5 Bxa3 15. bxa3 O-O 16. Nxc6 Nxc6 17. f3 Na5 18. Bc2 Rc8 19. Bd3 Nc4 20. a4 Nd5 21. axb5 Ncxe3 22. Re1 Nc4 23. Bg5 h6 24. Bh4 g5 25.
Bf2 Ncb6 26. Ra1 Rc3 27. Bf1 Rc7 28. h4 Rb7 29. Ra6 Nd7 30. Rd6 N7b6 31. Rd8+ Kg7 32. Bd4+ f6 33. Rd6 Kf7 34. h5 Nc8 35. Rc6 Na7 36.
Rc5 Nb6 37. g4 Nd7 38. Rc6 Nxb5 39. Bf2 Ne5 40. Rc8 Nxf3+ 41. Kg2 Ne5 42. Kh3 Nd6 43.
Rh8 Kg7 44. Rd8 Rb3+ 45. Kg2 Ne4 46. Bd4 Nxg4 47. Bc4 Rg3+ 48. Kf1 Rf3+ 49. Ke1 Ra3 50. Bxe6 Ne5 51. Rg8+ Kh7 52. Rf8 Nf3+ 53. Kf1 Nxd4 54. Bd5 Rf3+ 55. Kg2 Rf2+ 56. Kg1 Ne2+ 57. Kh1 N4g3# 0-1

[Event "*** Titled Tuesday 3|2 Blitz"]
[Site "Chess.com"]
[Date "2015.09.01"]
[Round "8"]
[White "Thomaslegend"]
[Black "MFBerna"]
[Result "1-0"]
[WhiteElo "2131"]
[BlackElo "2112"]
[TimeControl "180+2"]
[EndTime "12:39:16 PDT"]
[Termination "Thomaslegend won by resignation"]

1. d4 d5 2. c4 e6 3. Nc3 Be7 4. Bf4 Nf6 5. e3 O-O 6. a3 b6 7.
Nf3 Bb7 8. Be2 c5 9. O-O dxc4 10. Bxc4 Nbd7 11. Nb5 cxd4 12. exd4 Rc8 13. Bb3 a6 14. Nd6 Bd5 15. Nxc8 Qxc8 16. Rc1 Qb7 17. Bxd5 Qxd5 18.
Ne5 Nxe5 19. dxe5 Qxd1 20. Rfxd1 Nd5 21. Be3 Nxe3 22. fxe3 Bc5 23. Kf2 a5 24. Ke2 Ra8 25.
Rd7 Rf8 26. Rc4 Re8 27. Rf4 Be7 28. Rc4 f6 29. Rcc7 Kf8 30. exf6 Bxf6 31. b3 Ra8 32. a4 Kg8 33. g3 Rb8 34. Kd3 Kf8 35. Kc4 Be5 36. Rf7+ Kg8 37. Rb7 Rc8+ 38. Kb5 Rc3 39. Rfd7 Rxb3+ 40. Ka6 h6 41. Rxb6 Rxe3 42. Rxe6 Bd4 43. Rxe3 Bxe3 44. Rd5 Bg1 45. h3 Bf2 46. g4 Be1 47. Rxa5 Kf7 48. Rf5+ Ke6 49. Kb7 g6 50.
Rb5 h5 51. a5 hxg4 52. hxg4 Bf2 53. a6 1-0